 Dungeon Crawl Stone Soup version 0.30-a0-149-g7f746667c4 (webtiles) character file.

Game seed: 11781452096347333354

38 qw the Chopper (level 3, -2/23 HPs)
             Began as a Gargoyle Fighter on Sept 26, 2022.
             Slain by a gnoll
             ... wielding a +0 halberd
              (5 damage)
             ... on level 2 of the Dungeon.
             The game lasted 00:00:22 (1239 turns).

qw the Chopper (Gargoyle Fighter)                   Turns: 1239, Time: 00:00:23

Health: -2/23      AC: 14    Str: 21    XL:     3   Next: 43%
Magic:  3/3        EV:  5    Int:  8    God:
Gold:   77         SH:  9    Dex:  9    Spells: 2/2 levels left

rFire   . . .      SeeInvis .    Y - +1 war axe
rCold   . . .      Faith    .    c - +0 buckler
rNeg    + . .      Spirit   .    i - +0 plate armour
rPois   inf        Reflect  +    (no helmet)
rElec   +          Harm     .    (no cloak)
rCorr   .          Rampage  .    (no gloves)
Will    .....                    (no boots)
Stlth   ..........               f - amulet of reflection
HPRegen 0.07/turn                (no ring)
MPRegen 0.08/turn                (no ring)

@: about to teleport
A: sickness immunity, AC +3, negative energy resistance 1, electricity
resistance, torment resistance 1, petrification resistance
a: no special abilities


You were on level 2 of the Dungeon.
You visited 1 branch of the dungeon, and saw 2 of its levels.

You collected 77 gold pieces.


Innate Abilities, Weirdness & Mutations

You are immune to sickness and miasma.
Your stone body is resilient. (AC +3)
You are immune to poison.
You resist negative energy. (rN+)
You are resistant to electric shocks. (rElec)
You are resistant to unholy torment.
You are immune to petrification.


   Skills:
 - Level 3.2 Fighting
 + Level 3.4 Axes
 - Level 3.2 Armour
 - Level 3.2 Shields


You had 2 spell levels left.
You didn't know any spells.
Your spell library was empty.

Inventory:

Hand Weapons
 j - a +0 whip
 Y - a +1 war axe (weapon)
Armour
 c - a +0 buckler (worn)
 i - a +0 plate armour (worn)
Jewellery
 b - a +6 ring of intelligence
 f - an amulet of reflection (around neck)
Scrolls
 a - 5 scrolls of identify
 e - a scroll of vulnerability {unknown}
 k - a scroll of blinking {unknown}
Potions
 d - a potion of might
 h - a potion of curing
 m - a potion of mutation {unknown}

Dungeon Overview and Level Annotations

Branches:
Dungeon (2/15)

Altars:
Wu Jian


Message History

The gnoll hits you with a +0 halberd. You block the gnoll's attack.
The gnoll hits you with a +0 club.
Enter note: You hit the gnoll but do no damage.
You barely miss the gnoll. You hit the gnoll but do no damage.
The gnoll barely misses you. The gnoll hits you with a +0 club.
The gnoll hits you but does no damage.
You slash the gnoll!
You kill the gnoll!
You closely miss the gnoll. You hit the gnoll.
The gnoll hits you with a +0 whip. The gnoll hits you with a +0 halberd.
A worm comes into view.
You block the goblin's attack. The gnoll hits you but does no damage.
The rat barely misses you. You block the gnoll's attack.
You barely miss the gnoll.
The gnoll is moderately wounded.
You closely miss the rat. You hit the gnoll. You hit the goblin.
The gnoll hits you but does no damage. You block the rat's attack.
The goblin hits you with a +2 dagger of draining.
The gnoll hits you but does no damage.
You barely miss the gnoll.
The gnoll is heavily wounded.
You closely miss the rat. You barely miss the gnoll.
You barely miss the goblin. You block the gnoll's attack.
The rat bites you but does no damage. The goblin hits you but does no damage.
You block the gnoll's attack. The gnoll barely misses you.
The goblin hits you with a +2 dagger of draining.
The rat bites you but does no damage. The gnoll hits you but does no damage.
1238 ||| READING scroll of teleportation.
As you read the scroll of teleportation, it crumbles to dust.
You feel strangely unstable. The gnoll hits you with a +0 halberd.
The gnoll hits you but does no damage. The goblin hits you but does no damage.
The rat bites you but does no damage.
You barely miss the gnoll.
The gnoll is heavily wounded.
You barely miss the rat. You hit the gnoll. You slash the goblin!
You kill the goblin!
The gnoll hits you but does no damage. The rat bites you but does no damage.
The gnoll hits you with a +0 halberd.
You die...

..#...####.. ....###
#..<.......?...
....######..............
#.....................#.
#.....####..........<...
###...####............ #
##................# ..
##..........)rg..##..
##.##......#.###@g..w...
##............)....#(
#...................
#######............#
#................
....................
#...###..........#.# #..
#............# ##
..!..........


You could see a worm, 2 gnolls and a rat.

Vanquished Creatures
  A gnoll (D:2)
  A dart slug (D:2)
  2 ball pythons (D:1)
  7 endoplasms
  2 giant cockroaches
  3 goblins
  A quokka (D:1)
  3 bats (D:1)
  A frilled lizard (D:2)
  A kobold (D:1)
  4 rats (D:1)
26 creatures vanquished.

Notes
Turn   | Place    | Note
-------+----------+-------------------------------------------
     0 | D:1      | qw the Gargoyle Fighter began the quest for the Orb.
     0 | D:1      | Reached XP level 1. HP: 14/14 MP: 1/1
     0 | D:1      | 0 ||| qw: Version: 0.2-a-10-g399e6c4
     0 | D:1      | 0 ||| qw: Game counter: 530
     0 | D:1      | 0 ||| qw: Always use a shield: true
     0 | D:1      | 0 ||| qw: God list: Okawaru
     0 | D:1      | 0 ||| qw: Allow faded altars: false
     0 | D:1      | 0 ||| qw: Do Orc after D:15 true
     0 | D:1      | 0 ||| qw: Do second Lair branch before Depths: true
     0 | D:1      | 0 ||| qw: Lair rune preference: random
     0 | D:1      | 0 ||| qw: Plans: Normal, Zot:1-4, God:TSO, Crypt, Tomb,
                  | Pan, Slime:5, Hells, Abyss, Orb
     0 | D:1      | 0 ||| PLANNING D:1-11
   505 | D:1      | Reached XP level 2. HP: 19/19 MP: 2/2
   525 | D:1      | 525 ||| Stepping ~*~*~tactically~*~*~ (stealth).
   585 | D:1      | 585 ||| Stepping ~*~*~tactically~*~*~ (stealth).
   586 | D:1      | 586 ||| Stepping ~*~*~tactically~*~*~ (stealth).
   730 | D:1      | Found a faded altar of an unknown god.
   882 | D:1      | Reached skill level 3 in Axes
  1094 | D:1      | 1094 ||| UPGRADING to +0 plate armour.
  1104 | D:1      | 1104 ||| DROPPING +0 scale mail.
  1105 | D:1      | 1105 ||| UPGRADING to amulet of reflection.
  1110 | D:1      | 1110 ||| READING 3 scrolls labelled UBIC BIXZAO.
  1111 | D:1      | 1111 ||| READING 2 scrolls labelled YKOURGHUXIXT.
  1114 | D:1      | 1114 ||| READING scroll labelled QAEWNY JIBRIE.
  1115 | D:1      | 1115 ||| READING scroll labelled QICEUR XANUL.
  1116 | D:1      | 1116 ||| READING 2 scrolls of identify.
  1116 | D:1      | 1116 ||| IDENTIFYING glowing ruby potion
  1129 | D:2      | 1129 ||| STAIRDANCE
  1140 | D:2      | Reached XP level 3. HP: 23/23 MP: 3/3
  1229 | D:2      | Found an ornate altar of the Wu Jian Council.
  1237 | D:2      | HP: 4/23 [goblin/+2 dagger of draining (4)]
  1238 | D:2      | 1238 ||| READING scroll of teleportation.
  1239 | D:2      | Slain by a gnoll

Levels and vault maps discovered:
D:1:      erik_arrival_triangle_large, layout_loops_ring,
          chequers_ecumenical_altar_simple_redux
D:2:      layout_rooms, basic_altar

Skill      XL: |  1  2 |
---------------+-------+-----
Axes           | 2 3 |  3.4
Fighting       | |  3.2
Armour         | |  3.2
Shields        | |  3.2

Action                   || total
-------------------------++-------
Melee: War axe           ||    52
  Use: Scroll            ||     6
Armor: Scale mail        ||     7
       Plate armour      ||    18
Dodge: Dodged            ||    16
Block: Buckler           ||    17
       Reflection        ||     1

Table legend:
 A = Non-vault XP
 B = Vault XP
 C = Vault XP percentage of total XP
 D = Non-vault monster count
 E = Vault monster count
 F = Vault count percentage of total count
                 A         B        C        D         E       F
            +---------+---------+-------+---------+---------+-------
      Total |      57 |       0 |   0.0 |      26 |       0 |   0.0
            +---------+---------+-------+---------+---------+-------
        D:1 |      32 |       0 |   0.0 |      20 |       0 |   0.0
        D:2 |      25 |       0 |   0.0 |       6 |       0 |   0.0
            +---------+---------+-------+---------+---------+-------
